 Dungeon Crawl Stone Soup version 0.31-a0-726-g3c93526463 (webtiles) character file.

Game seed: 17935333279651553675

66 BritishOli the Trooper (level 3, 0/30 HPs)
             Began as a Demonspawn Fighter on Sept 11, 2023.
             Slain by a gnoll
             ... wielding a +0 club
              (2 damage)
             ... on level 2 of the Dungeon.
             The game lasted 00:00:54 (1032 turns).

BritishOli the Trooper (Demonspawn Fighter)         Turns: 1032, Time: 00:00:54

Health: 0/30       AC: 11    Str: 18    XL:     3   Next: 96%
Magic:  3/3        EV:  8    Int:  9    God:
Gold:   87         SH:  8    Dex: 12    Spells: 2/2 levels left

rFire   + + .        a - +0 war axe
rCold   x . .        c - +0 buckler
rNeg    . . .        j - +0 fire dragon scales
rPois   .            (no helmet)
rElec   .            (no cloak)
rCorr   .            (no gloves)
SInv    .            (no boots)
Will    .....        (no amulet) Stlth
                     (no ring)
HPRegen 0.25/turn    (no ring)
MPRegen 0.08/turn

%: no passive effects
@: no status effects
A: slimy green scales 1, condensation shield
a: no special abilities


You were on level 2 of the Dungeon.
You visited 1 branch of the dungeon, and saw 2 of its levels.

You collected 87 gold pieces.

Inventory:

Hand Weapons
 a - a +0 war axe (weapon)
Armour
 c - a +0 buckler (worn)
 j - +0 fire dragon scales (worn)
Scrolls
 e - a scroll of enchant weapon {unknown}
 f - 3 scrolls of teleportation {unknown}
 g - a scroll of identify {unknown}
 h - a scroll of vulnerability {unknown}
Potions
 b - a potion of curing {unknown}
 d - a potion of might
 i - a potion of haste {unknown}
 k - 2 potions of attraction {unknown}


   Skills:
 + Level 3.7 Fighting
 + Level 2.6 Axes
 - Level 3.0 Armour
 - Level 3.0 Shields


You had 2 spell levels left.
You didn't know any spells.
Your spell library was empty.

Dungeon Overview and Level Annotations

Branches:
Dungeon (2/15)

Altars:


Innate Abilities, Weirdness & Mutations

You are partially covered in slimy green scales. (AC +2)
A meltable shield of frost defends you. (SH +4)


Message History

Unknown command.
You barely miss the gnoll. You hit the gnoll.
You hit the gnoll but do no damage. The gnoll hits you but does no damage.
The gnoll barely misses you. The gnoll hits you with a +0 club.
You barely miss the gnoll. x2; You hit the gnoll.
The gnoll hits you but does no damage. The gnoll completely misses you.
The gnoll barely misses you. The gnoll hits you with a +0 whip.
The gnoll hits you with a +0 club.
* * * LOW HITPOINT WARNING * * *
The gnoll barely misses you.
You barely miss the gnoll. You closely miss the gnoll.
You hit the gnoll but do no damage. The gnoll barely misses you.
You block the gnoll's attack. The gnoll hits you but does no damage.
You completely miss the gnoll. You slash the gnoll!
You kill the gnoll!
You hit the gnoll but do no damage. The gnoll hits you with a +0 club.
* * * LOW HITPOINT WARNING * * *
You block the gnoll's attack. The gnoll barely misses you.
The gnoll hits you with a +0 club.
* * * LOW HITPOINT WARNING * * *
You barely miss the gnoll. You closely miss the gnoll.
You block the gnoll's attack. The gnoll hits you but does no damage.
You hit the gnoll.
The gnoll is severely wounded.
You hit the gnoll. The gnoll hits you with a +0 club.
* * * LOW HITPOINT WARNING * * *
The gnoll barely misses you.
You hit the gnoll but do no damage.
The gnoll is severely wounded.
You slash the gnoll! You block the gnoll's attack. The gnoll barely misses you.
The gnoll closely misses you. You block the gnoll's attack.
You barely miss the gnoll.
The gnoll is severely wounded.
You closely miss the gnoll. You block the gnoll's attack.
The gnoll hits you but does no damage.
You hit the gnoll.
The gnoll is almost dead.
You closely miss the gnoll.
The gnoll hits you but does no damage. x3
The gnoll hits you with a +0 club.
You die...

#..##.#..#..##..###.### #.
..#. #......###..###...# #.
#. # #.###.####...####.##
#. # #..# #.# #..#..#
#..###. #.### #.#
#.###.####..##. ### #.###.#
#..####.... #.# #.....
##..# #####
#..#####..)#######.#
.........@g....# #.# ##
#....#.#g....# #.# #.
#......####<..##.## ##.
#.....## #.##..####.>
#.....# # #......##..#
#....## ###.#####.(...##
#....# #................
####....##..###....###....#
#.#.....#..# ####..##..#..


You could see 2 gnolls.

Vanquished Creatures
  5 gnolls (D:2)
  A dart slug (D:1)
  A ball python (D:1)
  2 endoplasms (D:2)
  A giant cockroach (D:1)
  A goblin (D:2)
  A hobgoblin (D:2)
  3 frilled lizards (D:1)
  2 kobolds (D:2)
  2 rats
19 creatures vanquished.

Notes
Turn   | Place    | Note
-------+----------+-------------------------------------------
     0 | D:1      | BritishOli the Demonspawn Fighter began the quest for the
                  | Orb.
     0 | D:1      | Reached XP level 1. HP: 18/18 MP: 1/1
   542 | D:1      | Gained mutation: You are partially covered in slimy green
                  | scales. (AC +2) [demonic ancestry]
   542 | D:1      | Reached XP level 2. HP: 24/24 MP: 2/2
   805 | D:2      | Gained mutation: A meltable shield of frost defends you.
                  | (SH +4) [demonic ancestry]
   805 | D:2      | Reached XP level 3. HP: 21/29 MP: 3/3
  1029 | D:2      | HP: 1/30 [gnoll/+0 club (4)]
  1032 | D:2      | Slain by a gnoll

Illustrated notes

Levels and vault maps discovered:
D:1:      matt_arrival_grand_opening, layout_basic,
          nicolae_concentric_dashed_squares_wild
D:2:      layout_rooms, shapermc_ecumenical_altar_mp_vishouse,
          minmay_misc_feat_diagonals, grunt_decor_clamped

Skill      XL: |  1  2 |
---------------+-------+-----
Axes           | 2 |  2.6
Armour         | 3 |  3.0
Shields        | 3 |  3.0
Fighting       | |  3.7

Action                     || total
---------------------------++-------
  Melee: War axe           ||    65
 Armour: Scale mail        ||    18
         Fire dragon scale ||    30
  Dodge: Dodged            ||    34
  Block: Buckler           ||    25

Table legend: (Time is in decaauts)
 A = Elapsed time spent in this place.
 B = Non-inter-level travel time spent in this place.
 C = Inter-level travel time spent in this place.
 D = Time resting spent in this place.
 E = Time spent auto-exploring this place.
 F = Levels seen in this place.
 G = Mean time per level.
                   A        B        C        D        E       F      G
               +--------+--------+--------+--------+--------+-----+--------+
         Total |   1059 |   1035 |     24 |     63 |    790 |   2 |  529.5 |
       Dungeon |   1059 |   1035 |     24 |     63 |    790 |   2 |  529.5 |
               +--------+--------+--------+--------+--------+-----+--------+

Top non-repeatable levels by time:
     D:1: 577 daAuts
     D:2: 482 daAuts
